Map: Apotheosis LE

Players

Fropez - Winner!

  • Race: Protoss Protoss
  • League: Gold
  • Spawn Location: 5:00

CNasty

  • Race: Protoss Protoss
  • League: Silver
  • Spawn Location: 11:00

VOD

Have the link to the VOD?

Description

Time

  • Played on: Sept. 23, 2016, 10:13 a.m.
  • Length: 7:25
Show
View Real Time Build Order
Export as new Build Order

Fropez Protoss - Winner!

Build Orders: 1 Gate Expand 

Get SALT Encoding   

  12  0:01  Probe (Chrono Boost)  
  13  0:15  Pylon  
  13  0:19  Probe (Chrono Boost)  
  14  0:30  Probe (Chrono Boost)  
  14  0:35  Gateway  
  15  0:40  Probe (Chrono Boost)  
  16  0:47  Assimilator  
  16  0:51  Probe (Chrono Boost)  
  17  1:01  Probe (Chrono Boost)  
  18  1:12  Probe (Chrono Boost)  
  19  1:24  Cybernetics Core  
  19  1:37  Nexus  
  19  1:41  Probe (Chrono Boost)  
  20  1:58  Pylon  
  20  2:01  Mothership Core (Chrono Boost)  
  22  2:05  Assimilator  
  22  2:09  Warp Gate (Chrono Boost)  
  22  2:18  Pylon  
  22  2:31  Probe  
  23  2:37  Pylon  
  23  2:44  Probe  
  23  2:53  Gateway  
  23  2:54  Probe  
  23  2:56  Probe  
  25  3:19  Robotics Facility  
  25  3:21  Probe  
  25  3:23  Probe  
  27  3:37  Pylon  
  27  3:38  Pylon  
  27  3:42  Probe x2  
  29  3:58  Twilight Council  
  29  3:59  Probe  
  29  4:01  Adept  
  29  4:02  Adept  
  34  4:08  Probe  
  34  4:12  Warp Prism (Chrono Boost)  
  34  4:16  Probe  
  38  4:19  Probe  
  38  4:23  Adept  
  41  4:35  Blink (Chrono Boost)  
  41  4:41  Probe  
  41  4:42  Gateway  
  41  4:44  Forge  
  42  4:45  Assimilator  
  42  4:49  Adept  
  42  4:51  Adept  
  47  5:00  Observer (Chrono Boost)  
  47  5:09  Probe x2, Gateway  
  47  5:10  Protoss Ground Weapons Level 1 (Chrono Boost)  
  49  5:16  Pylon  
  49  5:19  Gateway  
  49  5:21  Adept x2, Probe  
  54  5:41  Adept x2  
  54  5:42  Adept  
  60  6:01  Probe x2  
  62  6:05  Gateway  
  62  6:08  Gateway  
  62  6:11  Gateway  
  62  6:13  Probe  
  63  6:19  Stalker x3  
  63  6:20  Stalker  
  63  6:25  Pylon  
  71  6:45  Stalker x3  
  71  6:46  Stalker x2  
Show
View Real Time Build Order
Export as new Build Order

CNasty Protoss 

Build Orders:  

Get SALT Encoding   

  12  0:00  Probe (Chrono Boost)  
  13  0:11  Probe (Chrono Boost)  
  14  0:20  Pylon  
  14  0:22  Probe (Chrono Boost)  
  15  0:38  Probe (Chrono Boost)  
  15  0:42  Gateway  
  16  0:49  Probe (Chrono Boost)  
  17  0:59  Probe (Chrono Boost)  
  18  1:10  Probe (Chrono Boost)  
  19  1:19  Pylon  
  19  1:20  Probe (Chrono Boost)  
  19  1:21  Gateway  
  20  1:29  Assimilator  
  20  1:31  Cybernetics Core  
  20  1:42  Zealot  
  20  1:43  Probe (Chrono Boost)  
  23  1:53  Probe (Chrono Boost)  
  24  2:03  Pylon  
  24  2:04  Probe (Chrono Boost)  
  24  2:06  Assimilator  
  25  2:13  Warp Gate (Chrono Boost)  
  25  2:14  Probe  
  26  2:17  Zealot x2  
  30  2:44  Stalker  
  32  2:53  Probe  
  32  2:55  Stalker  
  35  3:05  Probe  
  36  3:14  Stalker  
  38  3:22  Pylon  
  38  3:33  Nexus  
  38  3:35  Pylon  
  38  3:38  Probe  
  41  3:54  Robotics Facility  
  41  4:09  Probe (Chrono Boost)  
  40  4:17  Stalker  
  40  4:18  Stalker  
  40  4:20  Mothership Core (Chrono Boost)  
  47  4:38  Probe (Chrono Boost)  
  47  4:42  Adept x2  
  51  4:46  Probe (Chrono Boost)  
  51  4:49  Probe (Chrono Boost)  
  51  4:52  Immortal (Chrono Boost)  
  57  4:55  Probe  
  58  5:00  Probe  
  58  5:03  Stalker  
  58  5:04  Stalker  
  58  5:06  Probe  
  63  5:12  Probe  
  65  5:15  Forge  
  65  5:16  Probe  
  65  5:19  Pylon  
  66  5:27  Pylon, Observer (Chrono Boost)  
  67  5:30  Pylon, Sentry  
  69  5:39  Probe, Stalker  
  69  5:41  Probe  
  73  5:48  Assimilator  
  73  5:50  Probe, Assimilator  
  73  5:53  Probe  
  73  5:57  Observer  
  76  6:05  Probe  
  76  6:08  Pylon  
  77  6:12  Pylon  
  77  6:18  Immortal  
  81  6:20  Stalker  
  81  6:21  Zealot  
  81  6:24  Probe  
  85  6:26  Probe  
  87  6:35  Probe  
  87  6:38  Probe  
  86  7:13  Zealot  
  86  7:14  Zealot  
Tags
 
Matchup
PvP
Replay Pack
All Mines
Spawn Locations
Cross Positions
Add a new tag
Caveats
  • Supply blocks, unpowered buildings, or Contaminate may cause inaccurate times.
  • Supply counts are checked every 10 seconds.